 Dungeon Crawl Stone Soup version 0.29.1-15-g9cfb28693d (webtiles) character file.

Game seed: 7749614896409108623

1170 jtron the Slicer (level 8, 0/58 HPs)
             Began as a Gnoll Wanderer on Mar 3, 2023.
             Was a Follower of Okawaru.
             Slain by an ogre
             ... wielding a +0 giant club
              (10 damage)
             ... on level 6 of the Dungeon.
             The game lasted 00:10:19 (5399 turns).

jtron the Slicer (Gnoll Wanderer)                   Turns: 5399, Time: 00:10:20

Health: 0/58       AC: 16    Str: 10    XL:     8   Next: 40%
Magic:  12/14      EV: 12    Int: 16    God:    Okawaru [*.....]
Gold:   229        SH:  0    Dex: 17    Spells: 14/15 levels left

rFire   . . .      SeeInvis .   a - +7 spear of Severance {freeze, *Slow +Blink rN+}
rCold   . . .      Faith    .   (no shield)
rNeg    + . .      Spirit   .   b - +0 scale mail
rPois   +          Reflect  .   m - +0 helmet
rElec   .          Harm     .   w - +0 cloak
rCorr   .          Rampage  .   A - +2 pair of gloves {hurl}
Will    .....                   (no boots)
Stlth   +++.......              D - amulet of regeneration
HPRegen 0.99/turn               e - ring of poison resistance
MPRegen 0.14/turn               x - +6 ring of dexterity

@: heroic, studying Polearms
A: fangs 1, strong nose, distributed training
a: Renounce Religion, Evoke Blink, Heroism


You were on level 6 of the Dungeon.
You worshipped Okawaru.
Okawaru was aware of your devotion.
You visited 2 branches of the dungeon, and saw 7 of its levels.

You collected 271 gold pieces.
You spent 42 gold pieces at shops.

Inventory:

Hand Weapons
 a - the +7 spear of Severance (weapon) {freeze, *Slow +Blink rN+}
   (You found it on level 3 of the Dungeon)

   It freezes those it strikes, dealing additional cold damage.
   It can also slow down cold-blooded creatures.
   rN:        It protects you from negative energy.
   +Blink:    It lets you blink.
   *Slow:     It may slow you when you take damage.
 f - a +0 rapier
 l - a +1 dagger of freezing
 t - a +4 dagger
Missiles
 d - 85 stones
 o - 15 poisoned darts
 u - 3 boomerangs (quivered)
Armour
 b - a +0 scale mail (worn)
 m - a +0 helmet (worn)
 w - a +0 cloak (worn)
 A - a +2 pair of gloves of hurling (worn)
Magical Staves
 k - a staff of air
Jewellery
 e - a ring of poison resistance (left hand)
 i - a ring of poison resistance
 j - an amulet of guardian spirit
 p - a ring of fire
 x - a +6 ring of dexterity (right hand)
 D - an amulet of regeneration (around neck)
Wands
 q - a wand of polymorph (11)
Scrolls
 n - 2 scrolls of immolation {unknown}
 v - 2 scrolls of summoning {unknown}
 y - a scroll of blinking {unknown}
 B - a scroll of amnesia {unknown}
 C - a scroll of noise {unknown}
 E - 2 scrolls of teleportation {unknown}
Potions
 c - 4 potions of curing
 g - 3 potions of lignification
 h - a potion of berserk rage
 r - a potion of brilliance {unknown}
 z - 2 potions of flight
 F - a potion of attraction {unknown}


   Skills:
 + Level 3.3(8.3) Fighting
 + Level 9.2(14.2) Short Blades
 + Level 3.3(8.3) Long Blades
 + Level 3.3(8.3) Axes
 + Level 3.3(8.3) Maces & Flails
 + Level 4.7(9.7) Polearms
 + Level 3.3(8.3) Staves
 + Level 3.3(8.3) Ranged Weapons
 + Level 3.3(8.3) Throwing
 + Level 7.4(12.4) Armour
 + Level 3.3(8.3) Dodging
 + Level 3.3(8.3) Stealth
 + Level 3.3(8.3) Shields
 + Level 3.3(8.3) Unarmed Combat
 + Level 4.4 Spellcasting
 + Level 2.7 Conjurations
 + Level 2.7 Hexes
 + Level 4.7 Summonings
 + Level 2.7 Necromancy
 + Level 2.7 Translocations
 + Level 2.7 Transmutations
 + Level 2.7 Fire Magic
 + Level 2.7 Ice Magic
 + Level 2.7 Air Magic
 + Level 2.7 Earth Magic
 + Level 2.7 Poison Magic
 + Level 3.7 Invocations
 + Level 3.3 Evocations


You had 14 spell levels left.
You knew the following spells:

 Your Spells              Type           Power      Damage    Failure   Level
a - Summon Small Mammal   Summ           72%        N/A       10%         1

Your spell library contained the following spells:

 Spells                   Type           Power      Damage    Failure   Level
 Apportation              Tloc           24%        N/A       22%         1
 Necrotise                Necr           48%        1d6       22%         1
 Ensorcelled Hibernation  Hex/Ice        24%        N/A       32%         2
 Passwall                 Tmut/Erth      10%        N/A       32%         2
 Scorch                   Fire           24%        2d6       32%         2
 Swiftness                Air            12%        N/A       54%         3
 Flame Wave               Conj/Fire      12%        2d6       91%         4
 Summon Guardian Golem    Hex/Summ       Unusable   N/A       N/A         3
 Summon Cactus Giant      Summ           Unusable   N/A       N/A         6

Dungeon Overview and Level Annotations

Branches:
Dungeon (6/15)             Temple (1/1) D:4

Altars:
Cheibriados
Okawaru
Qazlal
Ru
Sif Muna
Trog
Vehumet
Xom
Yredelemnul
Zin
The Shining One

Shops:
D:2 *


Innate Abilities, Weirdness & Mutations

You have very sharp teeth.
Your uncanny sense of smell can sniff out nearby items.
Your experience applies equally to all skills.


Message History

You see here 20 gold pieces.
An ogre is nearby!
You hit the ogre. You freeze the ogre. You bite the ogre, but do no damage.
The ogre is lightly wounded.
You barely miss the ogre.
The ogre is lightly wounded.
A white imp comes into view.
The ogre hits you with a +0 giant club!!
You hit the ogre. You freeze the ogre.
The ogre is moderately wounded.
You puncture the ogre! You freeze the ogre.
The ogre is severely wounded.
The ogre hits you with a +0 giant club!!
* * * LOW HITPOINT WARNING * * *
You are too injured to fight recklessly!
You are too injured to fight recklessly!
You are too injured to fight recklessly!
You are too injured to fight recklessly!
You are too injured to fight recklessly!
You are too injured to fight recklessly!
You are too injured to fight recklessly!
You are too injured to fight recklessly!
You are too injured to fight recklessly!
You are too injured to fight recklessly!
You are too injured to fight recklessly!
You are too injured to fight recklessly!
You are too injured to fight recklessly!
You are too injured to fight recklessly!
You are too injured to fight recklessly!
You feel better. The ogre hits you with a +0 giant club!
* * * LOW HITPOINT WARNING * * *
Okay, then.
You gain the combat prowess of a mighty hero.
Unknown command.
Unknown command.
Unknown command.
You hit the ogre. You freeze the ogre.
The ogre is almost dead.
The ogre hits you with a +0 giant club!
You die...

#######.##.#[#
.......<.#..)#
#######..#.#.#
##.#...#
.#.### .#...#
.#.#.# .#...#
.+.#@# #5O.#
#.#.# #...#
#.### #.. #.


You could see an ogre and a white imp.

Vanquished Creatures
  2 ogres
  A centaur (D:5)
  4 scorpions
  4 necrophages
  An orc priest (D:4)
  A jelly (D:5)
  2 hounds
  An iguana (D:3)
  An orc wizard (D:4)
  3 gnolls (D:5)
  Robin (D:2)
  11 adders
  An ufetubus (D:5)
  3 dart slugs
  9 orcs
  10 ball pythons
  5 bats
  7 endoplasms
  4 giant cockroaches
  25 goblins
  11 hobgoblins
  4 quokkas
  4 frilled lizards
  9 kobolds
  2 rats (D:1)
126 creatures vanquished.

Notes
Turn   | Place    | Note
-------+----------+-------------------------------------------
     0 | D:1      | jtron the Gnoll Wanderer began the quest for the Orb.
     0 | D:1      | jtron set off with the following items: a +0 rapier, a +0
                  | scale mail, a scroll of silence; and the following spell
                  | memorised: Summon Small Mammal; and the following spells
                  | available to memorise: Summon Guardian Golem.
     0 | D:1      | Reached XP level 1. HP: 13/13 MP: 4/4
   393 | D:1      | Reached XP level 2. HP: 3/19 MP: 5/5
   910 | D:1      | Reached XP level 3. HP: 25/25 MP: 7/7
  1253 | D:1      | Reached skill level 1 in Invocations
  1499 | D:2      | Noticed Robin
  1672 | D:2      | Found a shimmering altar of Xom.
  1693 | D:2      | Reached skill level 1 in Fighting
  1693 | D:2      | Reached skill level 1 in Long Blades
  1693 | D:2      | Reached skill level 1 in Axes
  1693 | D:2      | Reached skill level 1 in Maces & Flails
  1693 | D:2      | Reached skill level 1 in Polearms
  1693 | D:2      | Reached skill level 1 in Staves
  1693 | D:2      | Reached skill level 1 in Ranged Weapons
  1693 | D:2      | Reached skill level 1 in Throwing
  1693 | D:2      | Reached skill level 1 in Dodging
  1693 | D:2      | Reached skill level 1 in Stealth
  1693 | D:2      | Reached skill level 1 in Shields
  1693 | D:2      | Reached skill level 1 in Unarmed Combat
  1693 | D:2      | Reached skill level 1 in Evocations
  1719 | D:2      | Killed Robin
  1720 | D:2      | Reached XP level 4. HP: 21/32 MP: 8/8
  2063 | D:2      | Found a faded altar of an unknown god.
  2085 | D:2      | Found Heidwoiv's General Store.
  2091 | D:2      | Bought a potion of curing for 42 gold pieces
  2163 | D:2      | Reached skill level 1 in Conjurations
  2163 | D:2      | Reached skill level 1 in Hexes
  2163 | D:2      | Reached skill level 1 in Necromancy
  2163 | D:2      | Reached skill level 1 in Translocations
  2163 | D:2      | Reached skill level 1 in Transmutations
  2163 | D:2      | Reached skill level 1 in Fire Magic
  2163 | D:2      | Reached skill level 1 in Ice Magic
  2163 | D:2      | Reached skill level 1 in Air Magic
  2163 | D:2      | Reached skill level 1 in Earth Magic
  2163 | D:2      | Reached skill level 1 in Poison Magic
  2466 | D:3      | Reached XP level 5. HP: 35/37 MP: 9/9
  2812 | D:3      | Identified the +7 spear of Severance {freeze, *Slow +Blink
                  | rN+}
  3174 | D:4      | Reached XP level 6. HP: 44/44 MP: 9/11
  3353 | D:4      | Found a staircase to the Ecumenical Temple.
  3359 | Temple   | Entered the Ecumenical Temple
  3402 | Temple   | Became a worshipper of Warmaster Okawaru
  3892 | D:4      | Reached XP level 7. HP: 46/50 MP: 12/12
  4385 | D:5      | Entered Level 5 of the Dungeon
  4408 | D:5      | Reached skill level 9 in Short Blades
  4677 | D:5      | Reached * piety under Okawaru
  4688 | D:5      | Reached XP level 8. HP: 43/58 MP: 14/14
  5399 | D:6      | Slain by an ogre

Illustrated notes

Levels and vault maps discovered:
D:1:      onia_arrival_mini_maze_b, layout_basic
D:2:      layout_rooms, serial_shops, nicolae_shop_statue_plus, basic_altar,
          ebering_ecumenical_altar_ruins, uniq_robin
D:3:      layout_loops_ring, grunt_decor_arrowhead
D:4:      minmay_thinvault, layout_basic, minmay_temple_entry_fiery,
          serial_glass, glass_columns_c, glass_columns_a, minmay_goblin_outpost
D:5:      layout_basic, minmay_checkerbox
D:6:      layout_loops_corners, nicolae_overflow_hidden_temple,
          gammafunk_ghost_icy, enter_ossuary_5, minmay_crystal_room,
          hangedman_minor_gate_pass
Temple:   regret_index_temple_chain_breaker

Skill      XL: |  1  2  3  4  5  6  7 |
---------------+----------------------+-----
Invocations    | 1 2 3 |  3.7
Fighting       | 1 2 3 |  3.3
Long Blades    | 1 2 3 |  3.3
Axes           | 1 2 3 |  3.3
Maces & Flails | 1 2 3 |  3.3
Polearms       | 1 2 3 4 |  4.7
Staves         | 1 2 3 |  3.3
Ranged Weapons | 1 2 3 |  3.3
Throwing       | 1 2 3 |  3.3
Dodging        | 1 2 3 |  3.3
Stealth        | 1 2 3 |  3.3
Shields        | 1 2 3 |  3.3
Unarmed Combat | 1 2 3 |  3.3
Evocations     | 1 2 3 |  3.3
Spellcasting   | 3 4 |  4.4
Conjurations   | 1 2 |  2.7
Hexes          | 1 2 |  2.7
Necromancy     | 1 2 |  2.7
Translocations | 1 2 |  2.7
Transmutations | 1 2 |  2.7
Fire Magic     | 1 2 |  2.7
Ice Magic      | 1 2 |  2.7
Air Magic      | 1 2 |  2.7
Earth Magic    | 1 2 |  2.7
Poison Magic   | 1 2 |  2.7
Summonings     | 4 |  4.7
Armour         | 7 |  7.4
Short Blades   | 9 |  9.2

Action                   |  1- 3 |  4- 6 |  7- 9 || total
-------------------------+-------+-------+-------++-------
Melee: Rapier            |    21 |       |       ||    21
       Dagger            |   107 |    61 |       ||   168
       Bite              |    13 |     9 |     7 ||    29
       Spear             |       |    63 |   121 ||   184
       Punch             |       |     1 |     2 ||     3
Throw: Stone             |     9 |     3 |       ||    12
       Dart              |       |     2 |     1 ||     3
       Boomerang         |       |       |     2 ||     2
Invok: Heroism           |       |       |     2 ||     2
  Use: Scroll            |     3 |       |     2 ||     5
       Potion            |     1 |       |     1 ||     2
Armor: Scale mail        |    52 |    60 |    49 ||   161
Dodge: Dodged            |    41 |    47 |    42 ||   130
